Unix NetHack Version 3.7.0-86 Work-in-progress - last build May 30 2023 01:50:43 (cc98dc9aa62a9957b082a042edf5bd7ec9f632c7,branch:master). Game began 2023-06-09 08:45:13, ended 2023-06-09 10:41:30. nmlkj, chaotic male human Wizard ... ..... .| --....- -.| |....- |u| |....-- |@| |-[[..-- # |.---|.[.[..-# |....|(|.....| ---.<.*|....-- --.-------- --- Nmlkj the Thaumaturge St:12 Dx:15 Co:17 In:17 Wi:13 Ch:11 Chaotic S:5880 Dlvl:8 $:259 HP:0(58) Pw:34(88) AC:5 Xp:8/1310 T:7505 Satiated Latest messages: w - 2 blue gems. The monkey drops a hooded cloak. You see here a hooded cloak. You are carrying too much to get through. You are carrying too much to get through. The large cat picks up a hooded cloak. In what direction? k The spell misses the cockatrice. You swap places with your monkey. You swap places with your monkey. You see here a hooded cloak. The large cat drops a hooded cloak. In what direction? l The spell misses the cockatrice. In what direction? l The spell hits the cockatrice! The cockatrice resists! The cockatrice bites! The cockatrice touches you! There are several objects here. In what direction? k The spell hits the cockatrice! The cockatrice resists! In what direction? k The spell misses the cockatrice. You see here a white gem. The cockatrice bites! The cockatrice misses! The white unicorn butts! The white unicorn kicks! The white unicorn butts! The white unicorn kicks! What do you want to zap? In what direction? k The magic missile hits the white unicorn. The magic missile bounces! The white unicorn butts! The white unicorn kicks! The white unicorn butts! The white unicorn kicks! What do you want to use or apply? Are you really sure you want to break your wand of magic missile? [yn] (n) y Raising your wand of magic missile high above your head, you break it in two! Boom! The white unicorn is caught in the magical blast! The white unicorn resists the magical blast! You are caught in the magical blast! The white unicorn butts! The white unicorn kicks! You die... Inventory: $ - 259 gold pieces e - an uncursed ring of polymorph V - an uncursed ring of protection from shape changers d - an uncursed ring of teleportation G - a wand of create monster (0:10) C - a wand of digging (0:4) c - a wand of locking (0:6) k - a wand of striking (0:5) g - an uncursed potion of enlightenment Y - an uncursed potion of fruit juice f - an uncursed potion of object detection J - 2 blessed scrolls of blank paper I - 2 uncursed scrolls of blank paper i - an uncursed scroll of identify v - an uncursed scroll of light j - an uncursed scroll of punishment x - 2 uncursed scrolls of teleportation H - an uncursed novel named Feet of Clay E - an uncursed spellbook of fireball w - 2 uncursed worthless pieces of blue glass p - an uncursed worthless piece of violet glass r - an uncursed worthless piece of white glass b - an uncursed carrot h - an uncursed food ration t - an uncursed partly eaten food ration n - an uncursed egg m - 3 uncursed lichen corpses T - an uncursed brass lantern (lit) O - an uncursed lock pick S - an uncursed tallow candle X - an uncursed tallow candle y - an uncursed tin opener K - an uncursed tin whistle Z - an uncursed towel U - an uncursed wax candle F - a +0 dagger l - a +0 orcish dagger a - a blessed +1 quarterstaff q - a blessed +2 dwarvish iron helm (being worn) L - an uncursed +0 orcish helm z - a blessed +0 leather cloak (being worn) s - an uncursed +0 dwarvish mithril-coat Nmlkj the Wizard's attributes: Background: You were a Thaumaturge, a level 8 male human Wizard. You were chaotic, on a mission for Anhur who was opposed by Ptah (lawful) and Thoth (neutral). You were in the Gnomish Mines, on level 8. You entered the dungeon 7505 turns ago. You had 1310 experience points, 1250 more were needed to attain level 9. Your score was 5880 before end-of-game adjustments. Basics: You had 0 out of 58 hit points. You had 34 out of 88 energy points (spell power). Your armor class was 5. Your wallet contained 259 zorkmids. Autopickup was on for '$' plus thrown. Final Characteristics: Your strength was 12 (limit:18/100). Your dexterity was 15 (peak:16, limit:18). Your constitution was 17 (limit:18). Your intelligence was 17 (limit:18). Your wisdom was 13 (limit:18). Your charisma was 11 (limit:18). Final Status: You were satiated. You were unencumbered. You were bare handed. You had basic skill with bare handed combat. Final Attributes: You were piously aligned. You were poison resistant. You saw invisible. You were telepathic. You were warded. You are dead. Miscellaneous: You disabled loading of bones levels. Total elapsed playing time was 1 hour, 14 minutes and 48 seconds. Major events: Turn 1: nmlkj the chaotic male human Wizard entered the dungeon 1252: attained the rank of Conjurer (level 3) 1381: consulted the Oracle 2921: attained the rank of Thaumaturge (level 6) 4425: read a Discworld novel 5497: entered the Gnomish Mines 6036: reached Mine Town 7505: killed by a white unicorn Vanquished creatures: a watchman 2 leprechauns a giant spider a black light an orc mummy a dwarf mummy a yeti a Green-elf 2 lizards a housecat a dwarf leader 4 human zombies a wood nymph 4 Uruk-hai 2 rock moles a fog cloud a yellow light 9 gnome leaders 3 gnomish wizards a kobold mummy a guardian naga hatchling a straw golem a paper golem 6 floating eyes 10 dwarves 2 homunculi 2 kobold leaders 15 hill orcs a rothe a centipede 2 giant bats 3 monkeys 2 dwarf zombies 2 wererats a werejackal 5 iguanas 9 killer bees 2 acid blobs a gas spore a hobbit a large kobold 5 hobgoblins 4 giant rats 3 cave spiders a brown mold 3 yellow molds 2 green molds a red mold 45 gnomes 2 garter snakes 2 gnome zombies 5 geckos 8 jackals 2 foxes 3 goblins 2 sewer rats 10 grid bugs 2 bats 5 lichens 3 kobold zombies 6 newts 222 creatures vanquished. No species were genocided or became extinct. Voluntary challenges: You read items or engraved 15 times. You engraved Elbereth 1 time. You never genocided any monsters. You never polymorphed an object. You never changed form. You used no wishes. Achievements: You entered a shop. You attained the rank of Conjurer. You consulted the Oracle of Delphi. You attained the rank of Thaumaturge. You read from a Discworld novel. You entered the Gnomish Mines. You entered Minetown. You entered a temple. The Dungeons of Doom: levels 1 to 7 Level 1: A fountain. Level 2: An armor shop, a fountain. Stairs down to The Gnomish Mines. Level 3: A fountain. Level 4: A scroll shop, a fountain, a grave. Level 5: Many fountains. Oracle of Delphi. Level 6: Level 7: A fountain. The Gnomish Mines: levels 3 to 8 Level 3: Level 4: Level 5: Some shops, a temple, some fountains. Level 6: Level 7: Level 8: <- You were here. Final resting place for you, killed by a white unicorn. Game over: ---------- / \ / REST \ / IN \ / PEACE \ / \ | nmlkj | | 259 Au | | killed by a | | white unicorn | | | | | | 2023 | *| * * * | * _________)/\\_//(\/(/\)/\//\/|_)_______ Goodbye nmlkj the Wizard... You died in The Gnomish Mines on dungeon level 8 with 5855 points, and 259 pieces of gold, after 7505 moves. You were level 8 with a maximum of 58 hit points when you died.